 Dungeon Crawl Stone Soup version 0.31.0-32-g396128a36d (webtiles) character file.

Game seed: 4828468797774462617

260 KKCryptic the Insei (level 6, -4/38 HPs)
             Began as an Octopode Shapeshifter on Mar 28, 2024.
             Slain by a bullfrog (9 damage)
             ... in a sewer.
             The game lasted 00:09:57 (1645 turns).

KKCryptic the Insei (Octopode Shapeshifter)         Turns: 1645, Time: 00:09:57

Health: -4/38      AC:  1    Str: 13    XL:     6   Next: 17%
Magic:  6/6        EV: 13    Int: 12    God:
Gold:   80         SH:  0    Dex: 14    Spells: 5/5 levels left

rFire   . .          .
                       - Unarmed
rCold   . . .        (no shield)
rNeg    . . .        (helmet currently unavailable)
rPois   .            (no amulet)
rElec   .            a - ring of wizardry
rCorr   .            (no ring)
SInv    .            (no ring)
Will    .....        (no ring)
Stlth   ++++         (no ring)
HPRegen 0.26/turn    (no ring)
MPRegen 0.10/turn    (no ring)
                     (no ring)

%: wizardry (x1)
@: beast-form
A: beast (slay +2), almost no armour, amphibious, 8 rings, camouflage 1,
gelatinous body 1, nimble swimmer 1, tentacles
a: Begin Untransformation


You were in a sewer.
You were a hulking beast.
You visited 1 branch of the dungeon, and saw 3 of its levels.
You also visited: Sewer.

You collected 80 gold pieces.

Inventory:

Armour
 m - an orb of energy
Jewellery
 a - a ring of wizardry (left tentacle)
Talismans
 b - a beast talisman
 c - a flux talisman
Scrolls
 d - a scroll of amnesia {unknown}
 e - 2 scrolls of teleportation {unknown}
 f - a scroll of blinking
 g - a scroll of identify {unknown}
 h - a scroll of poison {unknown}
 k - a scroll of immolation {unknown}
 l - a scroll of fear {unknown}
Potions
 i - a potion of ambrosia {unknown}
 j - a potion of brilliance {unknown}
 n - a potion of curing {unknown}


   Skills:
 - Level 1.0 Fighting
 - Level 2.0 Dodging
 + Level 3.5 Stealth
 * Level 4.8 Unarmed Combat
 * Level 4.5 Shapeshifting


You had 5 spell levels left.
You didn't know any spells.
Your spell library contained the following spells:

 Spells                   Type           Power      Damage    Failure   Level
 Summon Small Mammal      Summ           0%         N/A       13%         1
 Call Canine Familiar     Summ           0%         N/A       36%         3
 Summon Blazeheart Golem  Fire/Summ      0%         N/A       75%         4


Dungeon Overview and Level Annotations

Branches:
Dungeon (4/15)             Temple (0/1) D:4           Sewer (1/1)

Altars:
The Shining One


Innate Abilities, Weirdness & Mutations

You are a hulking beast.
Your limbs bulge with bestial killing power. (Slay +2)
You cannot wear most types of armour.
You are amphibious.
You can wear up to eight rings at the same time.
Your skin changes colour to match your surroundings (Stealth+).
Your rubbery body absorbs attacks. (AC +1, EV +1)
You are camouflaged when in or above water. (Stealth+)
You have tentacles for arms and can constrict up to eight enemies at once.


Message History

You tentacle-slap the endoplasm.
The endoplasm is severely wounded.
The endoplasm freezes you.
You are frozen.
You tentacle-slap the endoplasm.
You kill the endoplasm!
The giant cockroach bites you.
You barely miss the giant cockroach. You grab the giant cockroach.
You squeeze the giant cockroach.
You kill the giant cockroach!
You see here an adder corpse.
You enter the shallow water.
Found five items.
A frilled lizard comes into view.
Found a scroll of blinking and a falchion.
A bullfrog comes into view.
The frilled lizard hisses angrily.
The bullfrog gives a loud, deep croak!
A giant cockroach comes into view.
A bullfrog comes into view.
The bullfrog hits you.
You barely miss the bullfrog.
The bullfrog croaks.
You grab the bullfrog. You constrict the bullfrog.
The bullfrog closely misses you.
The bullfrog escapes!
The frilled lizard misses you.
You tentacle-slap the bullfrog. You grab the bullfrog.
The bullfrog is lightly wounded.
You constrict the bullfrog. The bullfrog hits you!
The bullfrog closely misses you. The bullfrog barely misses you.
You tentacle-slap the bullfrog.
The bullfrog is moderately wounded.
You constrict the bullfrog. The frilled lizard misses you.
The bullfrog hits you. x2
You bludgeon the bullfrog! Your squeeze misses the bullfrog.
The bullfrog is almost dead.
You constrict the bullfrog. The bullfrog closely misses you.
The frilled lizard bites you. The bullfrog hits you!
* * * LOW HITPOINT WARNING * * *
The giant cockroach closely misses you.
You release your grip on the bullfrog.
The bullfrog hits you!
You die...

#~~..###~~~###~~.#
#.~~##~~.~~.~##.~##
##~~##~.~~†~~~.##.~##
#~.~#~~~~~.~~~~~~~~~#
#.~##†..#######~.~~~#
##.~#~~.##≈~~.~###~#######
#~~~#~~##≈~~...~~###.~~.~#
#~.##.~#≈.~.~~.~.~.#~~~.~#
#~~#.~##≈~.:B.h##.†#~~.~~#
#~~#~~#≈~.[)lFF~#.~#~.#~~#
#~~#.~#≈..)?~~~.#~~#~~#.~#
#~~#~~#≈~~).~~~.#~~##.#†~#
#~†#~~#≈≈~.~.~.≈#~.~#~#.~#
#~~#~~#≈≈~.~~.~≈#.~∩#†#~.#
#~†#††##≈≈...~≈##.~~#~#~~#
#.~##~~#≈≈~~~≈≈#~~###†#~.#
#~~~#††##≈≈~≈≈##~~#.~~#~.#


You could see 2 bullfrogs, a giant cockroach and a frilled lizard.

Vanquished Creatures
  An ogre (D:4)
  A hound (D:4)
  Robin (D:4)
  2 adders (Sewer)
  A river rat (D:4)
  5 dart slugs
  2 ribbon worms (D:4)
  4 bats (D:1)
  9 endoplasms
  13 giant cockroaches
  4 hobgoblins (D:4)
  4 jackals (D:1)
  3 kobolds
  2 quokkas (D:1)
  15 ball pythons
  7 frilled lizards (Sewer)
  12 goblins
  4 rats
90 creatures vanquished.

Notes
Turn   | Place    | Note
-------+----------+-------------------------------------------
     0 | D:1      | KKCryptic the Octopode Shapeshifter began the quest for the
                  | Orb.
     0 | D:1      | Reached XP level 1. HP: 13/13 MP: 1/1
   163 | D:1      | Reached XP level 2. HP: 11/18 MP: 2/2
   309 | D:1      | Reached skill level 1 in Stealth
   640 | D:1      | Reached XP level 3. HP: 23/23 MP: 3/3
   948 | D:2      | You fall into a shaft and drop 2 floors!
  1039 | D:4      | Noticed an ogre
  1049 | D:4      | Reached XP level 4. HP: 17/28 MP: 4/4
  1055 | D:4      | Found a staircase to the Ecumenical Temple.
  1068 | D:4      | Killed an ogre
  1069 | D:4      | Reached XP level 5. HP: 25/33 MP: 5/5
  1175 | D:4      | Noticed Robin
  1194 | D:4      | Killed Robin
  1298 | D:4      | Found a glowing golden altar of the Shining One.
  1345 | D:4      | Found a glowing drain.
  1371 | Sewer    | Entered a sewer
  1555 | Sewer    | Reached XP level 6. HP: 38/38 MP: 6/6
  1645 | Sewer    | Slain by a bullfrog

Illustrated notes

Levels and vault maps discovered:
D:1:      tarquinn_simple_flora_water_e, layout_loops_corners
D:2:      layout_basic, serial_forest, infiniplex_forest_split,
          infiniplex_forest_lined_2, infiniplex_forest_lined_4_way,
          infiniplex_forest_diagonal, infiniplex_forest_clump_medium,
          infiniplex_forest_clump_medium, serial_shops,
          nicolae_shop_tiny_statue_garden
D:4:      layout_loops_cross, nicolae_tso_carved_into_rock, temple_statues,
          portal_sewer_entry_b, reono_crystal_passage,
          minmay_misc_feat_four_crosses, dreamdust_princess_corridor, uniq_robin
Sewer:    sewer_frog_island_02

Skill      XL: |  1  2  3  4  5 |
---------------+----------------+-----
Stealth        | 1 2 3 |  3.5
Unarmed Combat | 4 |  4.8
Shapeshifting  | 4 |  4.5
Fighting       | |  1.0
Dodging        | |  2.0

Action                     |  1- 3 |  4- 6 || total
---------------------------+-------+-------++-------
  Melee: Unarmed           |    54 |   114 ||   168
         Tentacles         |     9 |    10 ||    19
         Constrict         |     7 |    26 ||    33
         Punch             |     1 |     1 ||     2
    Use: Potion            |       |     1 ||     1
   Stab: Sleeping          |     9 |    14 ||    23
 Armour: Skin              |    20 |    48 ||    68
  Dodge: Dodged            |    30 |    56 ||    86
